 Dungeon Crawl Stone Soup version 0.26-a0-579-g3afe4966bf (webtiles) character file.

Game seed: 12988679850085824842

773 ANON1729 the Covert (level 8, -3/48 HPs)
             Began as a Kobold Brigand on Aug 23, 2020.
             Was a Follower of Wu Jian.
             Killed from afar by an orc wizard (7 damage)
             ... with a magic dart
             ... on level 5 of the Dungeon.
             The game lasted 00:09:31 (4584 turns).

ANON1729 the Covert (Kobold Brigand)                Turns: 4584, Time: 00:09:32

Health: -3/48      AC:  3    Str:  6 (8)  XL:     8   Next: 9%
Magic:  8/8        EV: 17    Int: 10 (12) God:    Wu Jian [*.....]
Gold:   311        SH:  0    Dex: 18 (19) Spells: 7/7 levels left

rFire    + . .     SeeInvis .   a - +2 dagger
rCold    . . .     Faith    .   (shield restricted)
rNeg     . . .     Spirit   .   b - +0 robe
rPois    .         Reflect  .   (helmet restricted)
rElec    .         Harm     .   c - +0 cloak
rCorr    .                      (no gloves)
MR       .....                  (no boots)
Stlth    +++++.....             (no amulet)
HPRegen  0.16/turn              x - ring of protection from fire
MPRegen  0.11/turn              (no ring)

@: no status effects
A: small, horns 1, nightstalker 3, screaming 1, evolution 1
a: Renounce Religion


You were on level 5 of the Dungeon.
You worshipped Wu Jian.
Wu Jian was aware of your devotion.
You visited 1 branch of the dungeon, and saw 5 of its levels.

You collected 311 gold pieces.

Inventory:

Hand Weapons
 a - a +2 dagger (weapon)
Missiles
 d - 25 poisoned darts (quivered)
 e - a curare-tipped dart
Armour
 b - a +0 robe (worn)
 c - a +0 cloak (worn)
Jewellery
 x - a ring of protection from fire (left hand)
 y - an uncursed amulet of regeneration {unknown}
Scrolls
 f - a scroll of amnesia
 g - 6 scrolls of identify {unknown}
 j - a scroll of blinking {unknown}
 n - a scroll of remove curse
 p - 2 scrolls of teleportation
 u - 2 scrolls of immolation {unknown}
 w - 2 scrolls of fear {unknown}
Potions
 h - 3 potions of flight
 s - a potion of lignification {unknown}
 t - a potion of magic {unknown}
 v - a potion of haste {unknown}
 z - a potion of stabbing {unknown}


   Skills:
 + Level 4.1 Fighting
 * Level 6.3 Short Blades
 + Level 4.0 Throwing
 + Level 4.1 Dodging
 * Level 8.2 Stealth


You had 7 spell levels left.
You didn't know any spells.
Your spell library contained the following spells:

 Spells                   Type           Power        Failure   Level
 Corona                   Hex            #......      36%         1
 Ensorcelled Hibernation  Hex/Ice        #.....       50%         2
 Confusing Touch          Hex            #.......     75%         3
 Dazzling Flash           Conj/Hex       #.....       75%         3
 Tukima's Dance           Hex            #.......     75%         3


Dungeon Overview and Level Annotations

Branches:
Dungeon (5/15)
 Temple: D:4-7

Altars:
Gozag
Wu Jian

Annotations:
D:3 Askman's ghost, weakling DsWn


Innate Abilities, Weirdness & Mutations

You are small and have problems with some larger weapons.
You are completely attuned to the shadows.
You have a pair of small horns on your head.
You occasionally shout uncontrollably at your foes.
You evolve.


Message History

The orc wizard closely misses you. The orc wizard misses you.
As you read the scroll labeled BEMUISEMARPH, it crumbles to dust.
You feel blessed for a moment.
It was a scroll of remove curse.
The orc wizard misses you. x2
As you read the scroll labeled CAMNOFF HUIWO, it crumbles to dust.
You feel strangely unstable.
It was a scroll of teleportation.
You float gracefully downwards.
The orc wizard mumbles some strange words.
The orc wizard blinks!
The orc wizard hits you with a +0 dagger.
* * * LOW HITPOINT WARNING * * *
It was a potion of cancellation.
You feel strangely stable.
Your magical effects are unravelling.
You feel magically purged.
You feel a little less mighty now.
You feel a little less clever now. The orc wizard barely misses you.
The orc wizard points at you and mumbles some strange words.
The magic dart hits you!
You die...

.###.###
#.##
#...........
#. #..#
####.#######
##.# #.# #.#
# #.# #.##.#
#. ####.o#.#
........#
######..##
#..o@oo..$.
#.#####.###
..# ..#


You could see 2 orc wizards and an orc.

Vanquished Creatures
  Sigmund (D:2)
  An ice beast (D:5)
  A big kobold (D:4)
  A hound (D:5)
  5 orc priests
  2 worker ants
  An orc wizard (D:4)
  9 adders
  3 oozes
  An adder skeleton (D:4)
  2 worms
  A dart slug (D:3)
  4 leopard geckos
  15 orcs
  A ball python (D:3)
  6 bats
  3 giant cockroaches
  7 goblins
  7 hobgoblins
  9 jackals
  6 kobolds
  A quokka (D:4)
  2 frilled lizards (D:2)
  A leopard gecko skeleton (D:5)
  8 rats
98 creatures vanquished.

Notes
Turn   | Place    | Note
-------+----------+-------------------------------------------
     0 | D:1      | ANON1729 the Kobold Brigand began the quest for the Orb.
     0 | D:1      | Reached XP level 1. HP: 12/12 MP: 1/1
   179 | D:1      | Reached XP level 2. HP: 18/18 MP: 2/2
   694 | D:2      | Reached XP level 3. HP: 22/22 MP: 3/3
   725 | D:2      | You fall into a shaft and drop 1 floor!
   848 | D:2      | Noticed Sigmund
   849 | D:2      | Reached XP level 4. HP: 6/27 MP: 4/4
  1077 | D:2      | Killed Sigmund
  1077 | D:2      | Reached skill level 6 in Stealth
  1077 | D:2      | Reached XP level 5. HP: 32/32 MP: 5/5
  1077 | D:2      | Reached XP level 6. HP: 37/37 MP: 6/6
  1332 | D:2      | Reached skill level 7 in Stealth
  1390 | D:2      | Found an ornate altar of the Wu Jian Council.
  1450 | D:2      | Became a worshipper of the Wu Jian Council
  1877 | D:3      | Reached skill level 5 in Short Blades
  2441 | D:4      | Reached XP level 7. HP: 41/41 MP: 7/7
  2499 | D:4      | Found a runed translucent gate.
  2499 | D:4      | Found a runed translucent gate.
  2510 | D:4      | Found a runed translucent gate.
  2513 | D:4      | Noticed Askman's ghost (weakling DsWn)
  2552 | D:4      | Reached * piety under Wu Jian
  3867 | D:4      | Found an opulent altar of Gozag.
  4306 | D:5      | Entered Level 5 of the Dungeon
  4512 | D:5      | Reached skill level 8 in Stealth
  4512 | D:5      | Reached XP level 8. HP: 48/48 MP: 8/8
  4558 | D:5      | Gained mutation: You have a pair of small horns on your
                  | head. [potion of mutation]
  4558 | D:5      | Gained mutation: You occasionally shout uncontrollably at
                  | your foes. [potion of mutation]
  4558 | D:5      | Gained mutation: You evolve. [potion of mutation]
  4584 | D:5      | Killed from afar by an orc wizard

Illustrated notes

Levels and vault maps discovered:
D:1:      grunt_arrival_crossed_arrows, layout_loops_ring
D:2:      minmay_skewed_foursquare, layout_rooms, lemuel_doored_altar,
          st_stairs_7, uniq_sigmund
D:3:      layout_basic
D:4:      layout_basic, lemuel_coloured_pillars_altar,
          ebering_ghost_rock_garden, serial_glass, glass_columns_b,
          glass_columns_a, glass_columns_b, glass_columns_a, glass_columns_c,
          glass_columns_b, glass_columns_a, glass_columns_b, glass_columns_a,
          glass_columns_a, glass_columns_a, glass_columns_a, glass_columns_a,
          glass_columns_b, due_unseen_surprise, item_on_display_a,
          feat_on_display, feat_on_display
D:5:      layout_basic, minmay_overflow_temple_star_quad, serial_shops, shop

Skill      XL: |  1  2  3  4  5  6  7  8 |
---------------+-------------------------+-----
Short Blades   | 3 4 5 6 |  6.3
Dodging        | 2 3 4 |  4.1
Fighting       | 3 4 |  4.1
Throwing       | 3 4 |  4.0
Stealth        | 6 7 8 |  8.2

Action                   |  1- 3 |  4- 6 |  7- 9 || total
-------------------------+-------+-------+-------++-------
Melee: Dagger            |    56 |   143 |   183 ||   382
       Headbutt          |       |       |     1 ||     1
Throw: Dart              |       |       |    23 ||    23
Invok: Lunge             |       |    11 |    10 ||    21
       Whirlwind         |       |       |     1 ||     1
  Use: Potion            |       |       |    10 ||    10
       Scroll            |       |       |     3 ||     3
 Stab: Sleeping          |    13 |    24 |    10 ||    47
       Distracted        |     1 |     1 |       ||     2
Armor: Robe              |     5 |    24 |    22 ||    51
Dodge: Dodged            |    27 |    95 |   129 ||   251

Table legend: (Time is in decaauts)
 A = Elapsed time spent in this place.
 B = Non-inter-level travel time spent in this place.
 C = Inter-level travel time spent in this place.
 D = Time resting spent in this place.
 E = Time spent auto-exploring this place.
 F = Levels seen in this place.
 G = Mean time per level.
                   A        B        C        D        E       F      G
               +--------+--------+--------+--------+--------+-----+--------+
         Total |   4496 |   4339 |    157 |   1113 |   2422 |   5 |  899.2 |
       Dungeon |   4496 |   4339 |    157 |   1113 |   2422 |   5 |  899.2 |
               +--------+--------+--------+--------+--------+-----+--------+

Top non-repeatable levels by time:
     D:3: 1214 daAuts
     D:2: 1180 daAuts
     D:4: 1150 daAuts
     D:1: 683 daAuts
     D:5: 266 daAuts
